Map: [ESL] Ghost River

Players

Kelazhur - Winner!

  • Race: Terran Terran
  • Spawn Location: 1:00

Vindicta

  • Race: Terran Terran
  • League: Grandmaster
  • Spawn Location: 11:00

VOD

Have the link to the VOD?

Description

Time

  • Played on: July 5, 2024, 6:33 p.m.
  • Length: 7:49
Show
View Real Time Build Order
Export as new Build Order

Kelazhur Terran - Winner!

Build Orders: Cyclone Opening 

Get SALT Encoding   

  12  0:00  SCV  
  13  0:12  SCV  
  14  0:17  Supply Depot  
  14  0:24  SCV  
  15  0:38  SCV  
  15  0:40  Barracks  
  16  0:43  Refinery  
  16  0:50  SCV  
  16  0:52  Refinery  
  17  1:02  SCV  
  18  1:15  SCV  
  19  1:27  Reaper, Orbital Command  
  19  1:30  Supply Depot  
  20  1:41  Factory  
  20  1:53  SCV  
  21  1:59  Barracks Reactor  
  21  2:06  SCV  
  22  2:20  SCV  
  22  2:22  Command Center  
  23  2:30  Cyclone  
  23  2:32  SCV  
  26  2:43  Starport  
  26  2:46  SCV, Supply Depot  
  26  2:51  Marine x2  
  27  2:58  SCV  
  30  3:08  Cyclone  
  30  3:09  Marine x2  
  30  3:11  SCV  
  34  3:20  Medivac  
  34  3:23  SCV  
  34  3:26  Marine  
  34  3:27  Marine  
  38  3:33  Orbital Command  
  39  3:39  SCV  
  39  3:41  Cyclone  
  42  3:44  Marine x2  
  44  3:53  Starport Tech Lab  
  44  3:55  SCV  
  45  3:57  Refinery  
  46  4:02  SCV  
  46  4:03  Supply Depot  
  46  4:04  Marine x2  
  46  4:07  SCV  
  49  4:15  SCV  
  48  4:19  Raven  
  50  4:27  Marine x2  
  52  4:31  Factory Tech Lab  
  52  4:32  SCV x2  
  52  4:34  Interference Matrix  
  52  4:37  Supply Depot  
  52  4:44  SCV  
  52  4:45  Marine x2  
  53  4:51  SCV  
  53  4:52  Siege Tank  
  59  4:55  Raven, Supply Depot  
  59  4:57  SCV  
  62  5:03  Marine x2  
  62  5:06  Command Center  
  64  5:10  SCV  
  64  5:11  SCV  
  66  5:21  Starport  
  66  5:22  Marine, Refinery  
  66  5:23  Marine  
  66  5:24  Siege Tank  
  66  5:25  SCV  
  66  5:27  SCV  
  73  5:36  Supply Depot  
  73  5:37  Viking, SCV  
  73  5:39  SCV  
  77  5:43  Marine  
  78  5:58  SCV x2, Supply Depot, Siege Tank  
  84  6:08  Supply Depot  
  83  6:16  Supply Depot  
  83  6:18  SCV x2  
  85  6:20  Marine  
  85  6:21  Orbital Command  
  85  6:23  Viking  
  88  6:26  Viking x2  
  88  6:30  SCV x2  
  94  6:34  Siege Tank  
  97  6:42  SCV  
  98  6:47  SCV x2  
  98  6:53  Viking  
  102  6:57  Viking x2  
  102  7:01  Marine  
  89  7:11  SCV  
  89  7:14  Orbital Command  
  87  7:26  SCV x2, Barracks  
  87  7:28  Barracks  
Show
View Real Time Build Order
Export as new Build Order

Vindicta Terran 

Build Orders: Cyclone Opening 

Get SALT Encoding   

  12  0:00  SCV  
  13  0:12  SCV  
  14  0:16  Supply Depot  
  14  0:25  SCV  
  15  0:38  SCV  
  15  0:40  Barracks  
  15  0:42  Refinery  
  16  0:50  SCV  
  16  0:52  Refinery  
  17  1:02  SCV  
  18  1:14  SCV  
  19  1:27  Reaper, Orbital Command  
  19  1:32  Supply Depot  
  20  1:41  Factory  
  20  1:53  SCV  
  21  1:59  Reaper  
  22  2:05  SCV  
  23  2:17  SCV  
  24  2:25  Cyclone  
  24  2:29  SCV  
  27  2:30  Command Center  
  27  2:37  Starport  
  27  2:41  SCV  
  27  2:42  Barracks Reactor  
  28  2:49  Supply Depot  
  28  2:53  SCV  
  28  2:58  Cyclone  
  31  3:10  SCV  
  32  3:13  Refinery, Medivac  
  32  3:19  Marine x2  
  36  3:23  SCV  
  37  3:31  Factory Tech Lab  
  37  3:35  SCV  
  37  3:37  Marine  
  39  3:44  Marine  
  39  3:45  Orbital Command  
  39  3:47  SCV  
  41  3:49  Starport Tech Lab  
  41  3:50  Siege Tank  
  41  3:55  Marine  
  45  3:59  SCV  
  46  4:03  Marine  
  47  4:11  SCV  
  47  4:12  Marine  
  47  4:14  Raven, Interference Matrix  
  47  4:15  SCV  
  52  4:18  Supply Depot  
  52  4:23  SCV  
  54  4:27  SCV  
  54  4:29  Marine  
  52  4:35  Marine, SCV  
  52  4:36  Supply Depot  
  54  4:39  SCV, Siege Tank  
  58  4:47  Marine, SCV  
  58  4:51  SCV  
  61  4:53  Marine  
  61  4:59  SCV  
  63  5:03  Raven, SCV  
  63  5:04  Marine  
  63  5:07  Supply Depot  
  67  5:11  Siege Tank  
  67  5:12  Supply Depot  
  70  5:28  Marine x2, SCV x2  
  74  5:30  Supply Depot  
  74  5:38  Command Center, Raven  
  74  5:40  SCV x2  
  78  5:43  Siege Tank  
  80  5:52  SCV  
  80  5:53  SCV  
  80  5:55  Marine  
  80  5:56  Barracks  
  80  5:57  Barracks  
  83  6:02  Refinery, Engineering Bay x2  
  83  6:04  SCV  
  83  6:10  SCV  
  85  6:13  Supply Depot  
  85  6:15  Siege Tank  
  85  6:17  SCV  
  89  6:20  Starport Reactor  
  89  6:22  SCV  
  89  6:25  Supply Depot  
  90  6:27  Marine  
  90  6:29  SCV  
  91  6:34  SCV  
  92  6:41  SCV  
  92  6:46  SCV  
  94  6:50  Orbital Command  
  93  6:54  SCV  
  93  6:58  Marine, Barracks  
  93  6:59  Barracks  
  93  7:00  Marine, SCV, Siege Tank  
  96  7:04  Marine  
  96  7:06  SCV  
  74  7:12  SCV  
  65  7:16  Marine  
  65  7:18  Marine, SCV  
  65  7:20  Marine x2, Starport Reactor  
  65  7:22  Marine  
  71  7:24  SCV  
  72  7:31  SCV  
  72  7:36  SCV  
Tags
 
Add a new tag
Caveats
  • Supply blocks, unpowered buildings, or Contaminate may cause inaccurate times.
  • Supply counts are checked every 10 seconds.